[Event "*** Titled Tuesday Blitz"]
[Site "Chess.com"]
[Date "2019.02.05"]
[Round "10"]
[White "SuperCheese"]
[Black "Vuks91"]
[Result "1-0"]
[WhiteElo "2583"]
[BlackElo "2439"]
[TimeControl "180+2"]
[EndTime "15:30:48 PST"]
[Termination "SuperCheese won by resignation"]

1. d4 Nf6 2. c4 g6 3. Nc3 Bg7 4. e4 O-O 5. Be2 d6 6. Bg5 h6 7. Be3 e5 8. d5 a5 9. g4 Nh7 10. h4 f5 11. f3 fxg4 12. fxg4 Bf6 13. Bf2 Na6 14. Qd2 Bg7 15. Be3 g5 16. O-O-O Nc5 17. Nh3 Rf4 18. Nxf4 exf4 19. Bd4 Nf6 20. hxg5 hxg5 21.
e5 Nfe4 22. Nxe4 Nxe4 23. Qc2 dxe5 24. Bg1 Ng3 25. Qh7+ Kf8 26. Bc5+ Kf7 27. Bd3 e4 28. Bxe4 Nxe4 29. Qxe4 Qf6 30. Bd4 Qg6 31. Qxg6+ Kxg6 32. Bxg7 Kxg7 33. Rhg1 Bd7 34. Kc2 Re8 35. Rde1 Rxe1 36.
Rxe1 Kf6 37. Rg1 Ke5 38. Kd3 b5 39. b3 c5 40. dxc6 Bxc6 41. Re1+ Kd6 42. Kd4 bxc4 43. bxc4 Bd7 44. Re5 f3 45. Rd5+ Ke7 46. Ke3 Bxg4 47. Rxg5 Be6 48. Rxa5 Bxc4 49. Kxf3 Kd6 50. Ke3 Kc6 51.
Kd4 Kb6 52. Ra3 Be6 53. Kc3 Kb7 54. Kb2 Bd5 55. Rg3 Bc6 56. a3 Kb6 57. Rg5 Bb5 58. Kb3 Bd7 59. Kb4 Bc6 60. Rg6 Kb7 61. Kc5 Ba4 62. Rg4 Bd1 63. Rd4 Bf3 64. a4 Ka7 65. Rd6 Bb7 66. Kb5 Bc8 67. Kc5 Bb7 68. Kb5 Bc8 69. Rf6 Bd7+ 70. Ka5 Be8 71. Re6 Bh5 72. Re7+ Kb8 73. Kb6 Kc8 74. a5 Bf3 75. a6 Kd8 76.
Rf7 Bd5 77. Rf1 Kc8 78. Rc1+ 1-0

[Event "*** Titled Tuesday Blitz"]
[Site "Chess.com"]
[Date "2019.02.05"]
[Round "10"]
[White "monalize"]
[Black "GrandGlacier"]
[Result "1/2-1/2"]
[WhiteElo "2312"]
[BlackElo "2208"]
[TimeControl "180+2"]
[EndTime "15:31:27 PST"]
[Termination "Game drawn by repetition"]

1. e4 c5 2. Nf3 e6 3. d4 cxd4 4. Nxd4 Nc6 5. Nc3 Qc7 6. g3 a6 7.
Bg2 Nf6 8. O-O Be7 9. Re1 O-O 10. Nxc6 dxc6 11. e5 Rd8 12. Qe2 Nd5 13. Bd2 b5 14. f4 Bb7 15. Ne4 c5 16. c4 bxc4 17. Qxc4 Nb4 18. Be3 Bd5 19. Qe2 c4 20. Nc3 Nd3 21.
Red1 Bxg2 22. Kxg2 Qb7+ 23. Kh3 Qxb2 24. Qd2 Bb4 25.
Qxb2 Nxb2 26. Rxd8+ Rxd8 27. Ne4 Rd3 28. Bc5 a5 29. Rc1 c3 30. a3 Bxc5 31. Nxc5 Re3 32. Rc2 Kf8 33. Kg2 Nc4 34. Na4 Nxa3 35. Rxc3 Rxc3 36.
Nxc3 Nc4 37. Kf3 Ke7 38. Ke2 f6 39. Kd3 Nb6 40. exf6+ gxf6 41. Kd4 Kd6 42. Ne4+ Ke7 43. Kc5 Nd5 44. Kb5 Ne3 45. Kxa5 Nf1 46. h3 f5 47.
Ng5 h6 48. Nf3 Nxg3 49. Nd4 Kd6 50. Kb4 Kd5 51. Kc3 Ne4+ 52. Kd3 Nf2+ 53. Ke3 Nxh3 54. Nf3 Kd6 55. Nh4 Ke7 56. Kf3 Kf6 57. Kg3 Ng1 58.
Kf2 Nh3+ 59. Kg3 Nxf4 60. Kxf4 e5+ 61. Kf3 Kg5 62. Ng2 e4+ 63. Kg3 h5 64. Nh4 f4+ 65.
Kh3 Kf6 66. Ng2 Kf5 67. Nh4+ Kg5 68. Ng2 e3 69. Ne1 Kf5 70. Nf3 Ke4 71. Kg2 Kd3 72. Kf1 e2+ 73. Kf2 h4 74. Nxh4 Kd2 75. Nf3+ Kd1 76.
Ne1 Kd2 77. Nf3+ Kd1 78. Ne1 Kd2 79. Nf3+ Kd3 80. Ne1+ Kd2 81. Nf3+ 1/2-1/2

[Event "*** Titled Tuesday Blitz"]
[Site "Chess.com"]
[Date "2019.02.05"]
[Round "10"]
[White "PawnEatingZombie"]
[Black "WorldChampionBulletChess"]
[Result "1-0"]
[WhiteElo "2130"]
[BlackElo "2080"]
[TimeControl "180+2"]
[EndTime "15:31:34 PST"]
[Termination "PawnEatingZombie won by checkmate"]

1. d4 Nf6 2. c4 e6 3. Nc3 d5 4. cxd5 exd5 5. Bg5 Be7 6. e3 O-O 7. Bd3 c6 8. Qc2 Nbd7 9. Nge2 h6 10. Bh4 Re8 11.
f3 Nf8 12. O-O Ne6 13. Rad1 b5 14. Kh1 b4 15. Na4 Bd7 16. h3 Qc8 17. Bf2 c5 18.
Nxc5 Nxc5 19. dxc5 Qxc5 20. Qxc5 Bxc5 21. Nd4 Bxd4 22. exd4 Rac8 23. Rc1 Rxc1 24. Rxc1 Rc8 25. Rxc8+ Bxc8 26. Kg1 Kf8 27. Kf1 Ke7 28. Ke2 Kd6 29.
Kd2 Nd7 30. Kc2 Nb6 31. Kb3 a5 32. Bg3+ Kc6 33. Bf4 Be6 34. h4 Nc4 35. h5 Kb5 36.
g4 a4+ 37. Kc2 Kc6 38. g5 hxg5 39. Bxg5 f6 40. Bf4 Na5 41. Bc1 b3+ 42. axb3 Nxb3 43. Bf4 Nxd4+ 44. Kc3 Nxf3 45. Kb4 Ne5 46. Bc2 Nc4 47.
Bxa4+ Kb6 48. b3 Na5 49. Be8 Nc6+ 50. Kc3 Ne7 51. Be3+ Kc7 52. Bc5 Nf5 53. Bg6 Ng3 54. b4 Ne4+ 55. Kd4 Nd6 56. Ke3 Nb5 57. Kf4 Kc6 58.
Bf8 d4 59. Bxg7 Nc3 60. h6 Ne2+ 61. Kf3 Bg8 62. Kxe2 Kb5 63. Bxf6 Kxb4 64. Kd2 Kc5 65. h7 Bxh7 66. Bxh7 Kd5 67. Kd3 Kc5 68. Bxd4+ Kd5 69. Be4+ Ke6 70. Kc4 Kd6 71. Bc3 Ke6 72. Kd4 Kd6 73.
Bb4+ Ke6 74. Ba3 Kf6 75. Bc1 Ke6 76. Bd5+ Kf6 77. Ke4 Ke7 78. Ke5 Kd7 79. Be3 Ke7 80. Bc5+ Kd7 81. Be4 Kc7 82. Kd5 Kd7 83. Bf5+ Kc7 84.
Bd4 Kb7 85. Kc5 Kc7 86. Be5+ Kb7 87. Be4+ Ka6 88. Kc6 Ka5 89. Bd6 Ka4 90. Bd5 Ka5 91. Bb3 Ka6 92. Bb4 Ka7 93. Bc4 Ka8 94. Kb6 Kb8 95.
Be6 Ka8 96. Bf5 Kb8 97. Bd6+ Ka8 98. Be4# 1-0

[Event "*** Titled Tuesday Blitz"]
[Site "Chess.com"]
[Date "2019.02.05"]
[Round "10"]
[White "AbdAlAgathos"]
[Black "1e41-0"]
[Result "0-1"]
[WhiteElo "2330"]
[BlackElo "2521"]
[TimeControl "180+2"]
[EndTime "15:31:43 PST"]
[Termination "1e41-0 won by checkmate"]

1. e4 Nf6 2. e5 Nd5 3. d4 d6 4.
Nf3 g6 5. Bc4 Nb6 6. Bb3 Bg7 7.
Qe2 O-O 8. h3 a5 9. a4 Nc6 10.
exd6 exd6 11. c3 Re8 12. Be3 Be6 13. Bxe6 Rxe6 14. O-O h6 15. Qd2 Nc4 16. Qc1 d5 17. Bxh6 Qf6 18. Bxg7 Kxg7 19. Nbd2 Nd6 20. Qc2 Qf4 21.
Rae1 Ne4 22. Re3 Rae8 23. Rfe1 f5 24. c4 Nb4 25. Qd1 c6 26. cxd5 Nxd5 27. Rb3 Nxd2 28. Rxe6 Rxe6 29. Rxb7+ Kf6 30. Qxd2 Qxd2 31. Nxd2 Re1+ 32.
Kh2 Ra1 33. b3 Ra2 34. Nc4 Rxf2 35. Nxa5 Ne3 36. Kg3 Rf1 37. Nxc6 f4+ 38. Kh2 Rf2 39. Ne5 Rxg2+ 40. Kh1 Rd2 41. Rf7+ Ke6 42. Rxf4 Nf5 43. Nc4 Ra2 44. Rg4 Kd5 45. Rxg6 Nxd4 46. Rg4 Nf3 47. Ne3+ Ke6 48. Nf1 Rf2 49. Rg1 Nxg1 50. Kxg1 Rf3 51. Kg2 Rxb3 52. Ng3 Ra3 53. h4 Rxa4 54. Kh3 Kf6 55.
Nh5+ Kg6 56. Ng3 Kf6 57. Nh5+ Kf5 58. Ng3+ Kf4 59. Nh5+ Kf3 60. Nf6 Ra1 61. Kh2 Ra4 62. Kh3 Ra1 63. Kh2 Ra6 64. Nd5 Kg4 65. Kg2 Ra2+ 66.
Kf1 Kxh4 67. Ke1 Kg3 68. Nc3 Rc2 69. Ne2+ Kg4 70. Kd1 Ra2 71. Nc3 Rh2 72. Ne2 Kf3 73. Nc3 Ke3 74. Kc1 Kd3 75. Nb1 Ra2 76. Kd1 Rh2 77. Kc1 Rc2+ 78. Kd1 Rb2 79. Kc1 Rb8 80. Nd2 Rc8+ 81. Kd1 Ra8 82. Nb1 Ra2 83. Kc1 Rg2 84.
Na3 Kc3 85. Nb1+ Kd3 86. Na3 Rf2 87. Nb1 Rh2 88. Na3 Kd4 89. Nb1 Kc4 90. Nd2+ Kc3 91.
Nb1+ Kd3 92. Kd1 Rh1# 0-1

[Event "*** Titled Tuesday Blitz"]
[Site "Chess.com"]
[Date "2019.02.05"]
[Round "10"]
[White "Gentlejimmy7"]
[Black "TheBigBoss04"]
[Result "1/2-1/2"]
[WhiteElo "2316"]
[BlackElo "2570"]
[TimeControl "180+2"]
[EndTime "15:31:52 PST"]
[Termination "Game drawn - insufficient material"]

1. d4 Nf6 2. Nf3 c5 3. dxc5 e6 4. Be3 Na6 5. g3 Nxc5 6. Bg2 d5 7. c4 Be7 8. O-O O-O 9. cxd5 Nxd5 10. Bd4 b6 11. Nc3 Bb7 12. Ne5 f6 13. Nxd5 Bxd5 14. Bxc5 Bxg2 15. Bxe7 Qxe7 16. Kxg2 fxe5 17. Qd3 Rad8 18.
Qe4 Rd5 19. Rac1 Qf7 20. Rc3 h6 21. Rf3 Qe7 22. Rxf8+ Qxf8 23. Rc1 Qd8 24. Rc3 Qd7 25. h4 b5 26. a3 a5 27. b4 axb4 28. axb4 Rd4 29.
Qxe5 Rxb4 30. Rd3 Qc6+ 31. f3 Rc4 32. Rd6 Qc8 33. Rxe6 Kh7 34. Qf5+ Kg8 35. Qg6 Kf8 36.
Qf5+ Kg8 37. Qe5 Kh7 38. Re7 Qf8 39. Qxb5 Rxh4 40. Qb1+ Kh8 41. Qb7 Rd4 42. Rf7 Qg8 43. Qa7 Rd8 44. Re7 Rf8 45. Qe3 Qd5 46. Re5 Qf7 47.
Qe4 Qf6 48. Re6 Qf7 49. Re7 Qf6 50. Qe5 Qg6 51. Re6 Qh7 52. Re8 Qg8 53. Re7 Rf6 54. Re8 Rf8 55. Re6 Qh7 56. Qd4 Kg8 57. Qd5 Kh8 58.
Qd4 Kg8 59. Qd6 Qc2 60. Qe5 Qh7 61. Re8 Qg6 62. Qe6+ Qxe6 63. Rxe6 Kf7 64. Ra6 Rb8 65. f4 Rb3 66. Kf2 h5 67. e3 g6 68. Kf3 Rb4 69. g4 hxg4+ 70. Kxg4 Re4 71. Kf3 Rb4 72. e4 Rb1 73. e5 Rf1+ 74. Ke3 Re1+ 75. Kf2 Re4 76. Kf3 Re1 77. Rf6+ Kg7 78. Rb6 Kf7 79. Rb7+ Kf8 80. Ra7 g5 81. f5 Rxe5 82. Kg4 Rb5 83. Kxg5 Rb6 84. f6 Rb1 85. Kg6 Rg1+ 86. Kf5 Rf1+ 87. Ke6 Re1+ 88. Kf5 Rf1+ 89. Ke6 Re1+ 90. Kd5 Rf1 91. f7 Rf6 92. Ke5 Rxf7 93. Rxf7+ Kxf7 1/2-1/2